 Dungeon Crawl Stone Soup version 0.30-a0-165-g1891117ce2 (webtiles) character file.

Game seed: 18046369606024150413

93 qw the Chopper (level 4, -6/28 HPs)
             Began as a Gargoyle Fighter on Sept 28, 2022.
             Killed by divine providence
             ... invoked by an orc priest
              (13 damage)
             ... on level 3 of the Dungeon.
             The game lasted 00:00:48 (2513 turns).

qw the Chopper (Gargoyle Fighter)                   Turns: 2513, Time: 00:00:49

Health: -6/28      AC: 15    Str: 20    XL:     4   Next: 61%
Magic:  4/4        EV:  5    Int: 16    God:
Gold:   143        SH:  7    Dex:  7    Spells: 3/3 levels left

rFire   . . .      SeeInvis .    Y - +0 war axe
rCold   . . .      Faith    .    e - +0 kite shield
rNeg    + . .      Spirit   .    g - +0 chain mail
rPois   inf        Reflect  .    (no helmet)
rElec   +          Harm     .    k - +0 cloak
rCorr   .          Rampage  .    (no gloves)
Will    +....                    b - +0 pair of boots
Stlth   ..........               (no amulet)
HPRegen 0.09/turn                j - ring of willpower
MPRegen 0.09/turn                (no ring)

@: no status effects
A: sickness immunity, AC +3, negative energy resistance 1, electricity
resistance, torment resistance 1, petrification resistance, clever 2
a: no special abilities


You were on level 3 of the Dungeon.
You visited 1 branch of the dungeon, and saw 3 of its levels.

You collected 143 gold pieces.


Innate Abilities, Weirdness & Mutations

You are immune to sickness and miasma.
Your stone body is resilient. (AC +3)
You are immune to poison.
You resist negative energy. (rN+)
You are resistant to electric shocks. (rElec)
You are resistant to unholy torment.
You are immune to petrification.
Your mind is very acute. (Int +8, Str/Dex -2)


   Skills:
 - Level 3.2 Fighting
 - Level 4.1 Axes
 - Level 3.2 Armour
 + Level 3.5 Shields


You had 3 spell levels left.
You didn't know any spells.
Your spell library was empty.

Inventory:

Hand Weapons
 h - a +0 whip
 Y - a +0 war axe (weapon)
Armour
 b - a +0 pair of boots (worn)
 e - a +0 kite shield (worn)
 g - a +0 chain mail (worn)
 k - a +0 cloak (worn)
Jewellery
 j - a ring of willpower (left hand)
Scrolls
 a - 2 scrolls of identify
Potions
 d - 2 potions of might
 f - a potion of mutation
 i - 2 potions of attraction
 m - a potion of lignification

Dungeon Overview and Level Annotations

Branches:
Dungeon (3/15)

Altars:


Message History

The orc is severely wounded.
You hit the orc priest. The orc hits you but does no damage.
The orc priest completely misses you.
You hit the orc.
You kill the orc!
You barely miss the orc priest.
The orc priest hits you but does no damage.
The quokka bites you but does no damage.
You hit the orc priest.
The orc priest is severely wounded.
You closely miss the quokka.
The orc priest hits you but does no damage.
The quokka bites you.
The orc priest hits you but does no damage.
You closely miss the orc priest.
The orc priest is severely wounded.
You closely miss the quokka. You block the quokka's attack.
The orc priest looks braver for a moment.
The quokka bites you but does no damage.
You barely miss the orc priest.
The orc priest is severely wounded.
You hit the quokka.
You kill the quokka!
The orc priest barely misses you.
The orc priest hits you but does no damage.
The endoplasm freezes you.
You are frozen.
You barely miss the orc priest.
The orc priest is severely wounded.
You hit the endoplasm. The endoplasm barely misses you.
You block the orc priest's attack.
You barely miss the orc priest.
The orc priest is severely wounded.
You slash the endoplasm!
You kill the endoplasm!
The orc priest barely misses you.
The orc priest invokes the aid of Beogh against you.
Beogh smites you!
You die...

#### ...# ##### ##.#
###### ~~~~~ #.#
###....#~.....
##.########......#~.8...
..............##.o...!..
##.#...........#@w...?$?
#.###.#.........#~....8
#.# ##.###.##.### .....
##.# #.# #.##.# ~~~~
##.# #.# #.##.# ### ...#
#.# #.##.# #### #.#
#.##(# # #.# #.##.# #
#.. ..../.


You could see a worm and an orc priest.

Vanquished Creatures
  3 adders (D:2)
  3 worms (D:2)
  2 dart slugs (D:2)
  3 orcs (D:3)
  3 ball pythons
  8 endoplasms
  A giant cockroach (D:2)
  4 goblins
  4 hobgoblins (D:2)
  4 kobolds
  3 quokkas
  2 bats
  3 frilled lizards (D:2)
  6 rats (D:2)
49 creatures vanquished.

Notes
Turn   | Place    | Note
-------+----------+-------------------------------------------
     0 | D:1      | qw the Gargoyle Fighter began the quest for the Orb.
     0 | D:1      | Reached XP level 1. HP: 14/14 MP: 1/1
     0 | D:1      | 0 ||| qw: Version: 0.2-a-12-gaebbb33
     0 | D:1      | 0 ||| qw: Game counter: 755
     0 | D:1      | 0 ||| qw: Always use a shield: true
     0 | D:1      | 0 ||| qw: God list: Okawaru
     0 | D:1      | 0 ||| qw: Allow faded altars: false
     0 | D:1      | 0 ||| qw: Do Orc after D:15 true
     0 | D:1      | 0 ||| qw: Do second Lair branch before Depths: true
     0 | D:1      | 0 ||| qw: Lair rune preference: random
     0 | D:1      | 0 ||| qw: Plans: Normal, Zot:1-4, God:TSO, Crypt, Tomb,
                  | Pan, Slime:5, Hells, Abyss, Orb
     0 | D:1      | 0 ||| PLANNING D:1-11
    94 | D:1      | Reached skill level 2 in Axes
   177 | D:1      | 177 ||| DROPPING +0 club.
   541 | D:1      | Found a faded altar of an unknown god.
   731 | D:1      | Reached XP level 2. HP: 14/19 MP: 2/2
  1049 | D:1      | 1049 ||| UPGRADING to +0 chain mail.
  1059 | D:1      | 1059 ||| DROPPING +0 scale mail.
  1060 | D:1      | 1060 ||| UPGRADING to ring of willpower.
  1061 | D:1      | 1061 ||| READING 5 scrolls labelled DOEMED DIUSCH.
  1062 | D:1      | 1062 ||| READING scroll labelled QANEGHEURUKK.
  1063 | D:1      | 1063 ||| DRINKING 2 fizzy ruby potions.
  1063 | D:1      | Gained mutation: Your mind is acute. (Int +4, Str/Dex -1)
                  | [potion of mutation]
  1063 | D:1      | Gained mutation: Your mind is very acute. (Int +8, Str/Dex
                  | -2) [potion of mutation]
  1064 | D:1      | 1064 ||| READING 4 scrolls of identify.
  1064 | D:1      | 1064 ||| IDENTIFYING brown potion
  1205 | D:2      | Reached skill level 3 in Axes
  1205 | D:2      | Reached XP level 3. HP: 13/23 MP: 3/3
  1308 | D:2      | 1308 ||| FLEEEEING.
  1309 | D:2      | 1309 ||| FLEEEEING.
  1648 | D:2      | 1648 ||| Stepping ~*~*~tactically~*~*~ (stealth).
  1781 | D:2      | 1781 ||| Stepping ~*~*~tactically~*~*~ (hiding).
  1796 | D:2      | 1796 ||| Stepping ~*~*~tactically~*~*~ (stealth).
  1798 | D:2      | 1798 ||| Stepping ~*~*~tactically~*~*~ (stealth).
  1799 | D:2      | 1799 ||| Stepping ~*~*~tactically~*~*~ (stealth).
  1801 | D:2      | 1801 ||| Stepping ~*~*~tactically~*~*~ (stealth).
  1802 | D:2      | 1802 ||| Stepping ~*~*~tactically~*~*~ (stealth).
  1803 | D:2      | 1803 ||| Stepping ~*~*~tactically~*~*~ (stealth).
  1884 | D:2      | Reached XP level 4. HP: 25/28 MP: 4/4
  2033 | D:2      | Reached skill level 4 in Axes
  2378 | D:2      | 2378 ||| UPGRADING to +0 pair of boots.
  2383 | D:2      | 2383 ||| UPGRADING to +0 kite shield.
  2393 | D:2      | 2393 ||| DROPPING +0 buckler.
  2394 | D:2      | 2394 ||| UPGRADING to +0 cloak.
  2399 | D:2      | 2399 ||| READING scroll labelled COMAAC GAQA.
  2400 | D:2      | 2400 ||| READING scroll labelled TYNULE ILUN.
  2401 | D:2      | 2401 ||| READING 3 scrolls of identify.
  2401 | D:2      | 2401 ||| IDENTIFYING murky silvery potion
  2511 | D:3      | HP: 6/28 [frozen (2)]
  2513 | D:3      | Killed from afar by an orc priest

Levels and vault maps discovered:
D:1:      tarquinn_simple_flora_water_d, layout_basic, serial_corexii_hall,
          corexii_hall_statues_deadend, chequers_hall_statues_y,
          corexii_hall_statues_x, chequers_hall_statues_wall_a,
          shapermc_ecumenical_altar_mp_ritualfount
D:2:      layout_loops_ring, minmay_quadrilaterals
D:3:      layout_loops_ring, kennysheep_generic_room_7

Skill      XL: |  1  2  3  4 |
---------------+-------------+-----
Axes           | 2 3 4 |  4.1
Fighting       | |  3.2
Armour         | |  3.2
Shields        | |  3.5

Action                   |  1- 3 |  4- 6 || total
-------------------------+-------+-------++-------
Melee: War axe           |    79 |    83 ||   162
  Use: Scroll            |     3 |     3 ||     6
       Potion            |     1 |       ||     1
Armor: Scale mail        |     5 |       ||     5
       Chain mail        |    36 |    59 ||    95
Dodge: Dodged            |    16 |    25 ||    41
Block: Buckler           |     5 |     9 ||    14
       Kite shield       |       |     7 ||     7

Table legend:
 A = Non-vault XP
 B = Vault XP
 C = Vault XP percentage of total XP
 D = Non-vault monster count
 E = Vault monster count
 F = Vault count percentage of total count
                 A         B        C        D         E       F
            +---------+---------+-------+---------+---------+-------
      Total |     119 |      16 |  11.9 |      40 |       9 |  18.4
            +---------+---------+-------+---------+---------+-------
        D:1 |      12 |       0 |   0.0 |       7 |       0 |   0.0
        D:2 |      94 |      12 |  11.3 |      28 |       6 |  17.6
        D:3 |      13 |       4 |  23.5 |       5 |       3 |  37.5
            +---------+---------+-------+---------+---------+-------
